 Dungeon Crawl Stone Soup version 0.29-a0-418-gc0181ea820 (webtiles) character file.

Game seed: 11440816078852520532

4767 hquester the Envoy of Void (level 10, -5/77 HPs)
             Began as a Demonspawn Abyssal Knight on May 17, 2022.
             Was a High Priest of Lugonu.
             Slain by a manticore (20 damage)
             ... on level 9 of the Dungeon.
             The game lasted 00:30:37 (6508 turns).

hquester the Envoy of Void (DsAK)                   Turns: 6508, Time: 00:30:38

Health: -5/77      AC:  2    Str: 13    XL:     10   Next: 23%
Magic:  15/15      EV: 11    Int: 17    God:    Lugonu [*****.]
Gold:   364        SH: 10    Dex: 12    Spells: 16/16 levels left

rFire   . . .      SeeInvis +   f - +8 arc blade {discharge, rElec}
rCold   + + +      Faith    .   h - +1 kite shield of Inevitability {*Corrode rPois rC+++ Dex-4 SInv}
rNeg    + . .      Spirit   .   z - +0 troll leather armour
rPois   +          Reflect  .   B - +0 hat {Int+3}
rElec   +          Harm     .   (no cloak)
rCorr   .          Rampage  .   (no gloves)
Will    .....                   v - +0 pair of boots
Stlth   +.........              (no amulet)
HPRegen 1.02/turn               w - ring of positive energy
MPRegen 0.28/turn               (no ring)

@: corroded, slowed, very slow
A: horns 1, icemail 2, magic regeneration, condensation shield, weakness stinger
2
a: Renounce Religion, Depart the Abyss, Bend Space, Banish, Corrupt, Enter the
Abyss


You were on level 9 of the Dungeon.
You worshipped Lugonu.
Lugonu was extremely pleased with you.
You visited 1 branch of the dungeon, and saw 8 of its levels.
You visited the Abyss 1 time.

You collected 364 gold pieces.

Inventory:

Hand Weapons
 a - a +2 short sword
 f - the +8 arc blade (weapon) {discharge, rElec}
   (You acquired it on level 1 of the Dungeon)

   It occasionally unleashes powerful arcs of lightning upon striking a foe.
   These may arc to other adjacent creatures (including the wielder, but dealing
   reduced damage to them) before grounding out.
   rElec:     It insulates you from electricity.
Missiles
 s - a throwing net
Armour
 h - the +1 kite shield of Inevitability (worn) {*Corrode rPois rC+++ Dex-4 SInv}
   (You found it on level 3 of the Dungeon)

   Dex:       It affects your dexterity (-4).
   rC:        It renders you almost immune to cold.
   rPois:     It protects you from poison.
   SInv:      It lets you see invisible.
   *Corrode:  It may corrode you when you take damage.
 l - a +1 scale mail
 n - the +2 robe "Koangi" {Int+3}
   (You found it on level 4 of the Dungeon)

   Int:       It affects your intelligence (+3).
 v - a +0 pair of boots (worn)
 z - a +0 troll leather armour (worn)
 B - a +0 hat of intelligence (worn)
 C - +0 steam dragon scales
Jewellery
 w - a ring of positive energy (left hand)
Wands
 A - a wand of paralysis (1)
Scrolls
 d - 2 scrolls of enchant weapon
 g - 8 scrolls of teleportation
 j - a scroll of immolation
 t - a scroll of fear
 u - a scroll of blinking
 y - a scroll of brand weapon {unknown}
Potions
 b - 5 potions of mutation
 c - a potion of cancellation {unknown}
 e - 4 potions of curing
 i - 2 potions of resistance
 m - 2 potions of lignification {unknown}
 o - 3 potions of attraction {unknown}
 p - a potion of brilliance {unknown}
 q - a potion of berserk rage {unknown}
 r - a potion of haste {unknown}
 x - a potion of degeneration {unknown}


   Skills:
 + Level 6.3 Fighting
 + Level 5.4 Short Blades
 + Level 5.4 Armour
 + Level 5.0 Dodging
 + Level 5.0 Shields
 + Level 3.6 Spellcasting
 + Level 4.3 Necromancy
 + Level 7.9 Invocations


You had 16 spell levels left.
You didn't know any spells.
Your spell library contained the following spells:

 Spells                   Type           Power      Damage    Failure   Level
 Animate Skeleton         Necr           34%        N/A       10%         1
 Pain                     Necr           68%        1d7       10%         1
 Vampiric Draining        Necr           17%        2d7       28%         3
 Magic Dart               Conj           12%        1d3       52%         1
 Sandblast                Erth           6%         2d5       52%         1
 Sting                    Tmut/Pois      12%        1d3       52%         1
 Call Imp                 Summ           3%         N/A       65%         2
 Passwall                 Tmut/Erth      2%         N/A       65%         2
 Poisonous Vapours        Pois/Air       6%         N/A       65%         2
 Call Canine Familiar     Summ           3%         N/A       87%         3
 Conjure Flame            Conj/Fire      3%         6-21      87%         3
 Frozen Ramparts          Ice            6%         1d2       87%         3
 Ignite Poison            Fire/Tmut/Pois 3%         N/A       87%         3
 Mephitic Cloud           Conj/Pois/Air  3%         N/A       87%         3
 Portal Projectile        Hex/Tloc       6%         N/A       87%         3
 Stone Arrow              Conj/Erth      6%         3d7       87%         3
 Ice Form                 Ice/Tmut       3%         N/A       99%         4
 Leda's Liquefaction      Hex/Erth       1%         N/A       99%         4
 Olgreb's Toxic Radiance  Pois           3%         N/A       99%         4
 Sticky Flame             Conj/Fire      3%         2d3       99%         4
 Summon Ice Beast         Ice/Summ       3%         N/A       99%         4
 Blade Hands              Tmut           1%         N/A       100%        5
 Irradiate                Conj/Tmut      1%         3d13      100%        5
 Dragon Form              Tmut           1%         N/A       100%        7


Dungeon Overview and Level Annotations

Branches:
Dungeon (7/15)             Temple (0/1) D:6

Altars:
Vehumet
Wu Jian

Shops:
D:1 (


Innate Abilities, Weirdness & Mutations

You have a pair of small horns on your head.
A meltable icy envelope protects you from harm. (AC +0)
You regenerate magic rapidly.
A meltable shield of frost defends you. (SH +0)
You have a tail ending in a sharp stinger.


Message History

Okay, then.
You feel much better. The manticore bites you! The manticore barely misses you.
The manticore claws you!
You hit the manticore.
The arc blade crackles.
The manticore is struck by an arc of lightning.
The manticore is moderately wounded.
The orc is struck by an arc of lightning!
You kill the orc!
Lugonu accepts your kill.
The manticore is struck by an arc of lightning!
The manticore is heavily wounded.
You resist.
You are struck by an arc of lightning.
You headbutt the manticore, but do no damage.
The manticore is heavily wounded.
The manticore barely misses you. x2; The manticore closely misses you.
You hit the manticore but do no damage.
The manticore is heavily wounded.
The manticore barely misses you. The manticore misses you.
You block the manticore's attack. The manticore bites you.
The manticore claws you!
* * * LOW HITPOINT WARNING * * *
The manticore claws you!
* * * LOW HITPOINT WARNING * * *
You feel much better.
You carefully extract the barbed spikes from your body.
The manticore bites you! The manticore claws you!
* * * LOW HITPOINT WARNING * * *
Your corrosive artefact corrodes you!
You block the manticore's attack. The manticore bites you.
* * * LOW HITPOINT WARNING * * *
The manticore completely misses you. You block the manticore's attack.
You hit the manticore.
The arc blade crackles.
The manticore is struck by an arc of lightning!
The manticore is almost dead.
You resist.
You are struck by an arc of lightning.
* * * LOW HITPOINT WARNING * * *
The lightning grounds out.
You tail-slap the manticore.
The manticore is almost dead.
The manticore bites you!!
You die...

#.........# #..>......
#######†# ...#.####+###
........###...#........###
.......................##.
....#####....o.........##.
).. #)########'#'####. ..
#H#........#.# #. .
#@##.#######.# #.
#............####.
####.#######......
#.#######.#####
#.#............
#.#.#####.##### #.# #...
#.# ##### ..


You could see a manticore.

Vanquished Creatures
  Gastronok (D:9)
  Pikel (D:7)
  A troll (D:9)
  A hornet (D:9)
  Prince Ribbit (D:6)
  The ghost of holysushi the Cudgeller, an amateur TrCK of Xom (D:3)
  A wyvern (D:9)
  2 steam dragons (D:9)
  Menkaure (D:6)
  2 orc warriors
  Duvessa (D:6)
  A sky beast (D:6)
  3 black bears
  An ogre (D:5)
  A lemure (D:7)
  A bullfrog (D:6)
  A necrophage (D:5)
  A gnoll sergeant (D:9)
  3 scorpions (D:5)
  3 wights (D:6)
  Dowan (D:6)
  2 howler monkeys
  5 hounds
  2 orc priests
  4 iguanas
  5 orc wizards
  Robin (D:2)
  6 gnolls
  6 adders
  3 white imps (D:6)
  An ufetubus (D:4)
  3 worms
  4 dart slugs
  18 orcs
  3 ball pythons (D:1)
  5 bats
  9 endoplasms
  11 hobgoblins
  5 quokkas
  6 frilled lizards
  13 goblins
  8 kobolds
  7 rats
156 creatures vanquished.

Vanquished Creatures (others)
  2 fungi (D:9)
  3 toadstools (D:9)
5 creatures vanquished.

Grand Total: 161 creatures vanquished

Notes
Turn   | Place    | Note
-------+----------+-------------------------------------------
     0 | Abyss:1  | hquester the Demonspawn Abyssal Knight began the quest for
                  | the Orb.
     0 | Abyss:1  | Reached XP level 1. HP: 18/18 MP: 2/2
    17 | D:1      | Escaped the Abyss
   210 | D:1      | Reached skill level 1 in Dodging
   253 | D:1      | Gained mutation: A meltable shield of frost defends you.
                  | (SH +0) [demonic ancestry]
   253 | D:1      | Reached XP level 2. HP: 22/24 MP: 4/4
   492 | D:1      | Found Dehuej's Antique Weapon Shoppe.
   669 | D:1      | Reached *** piety under Lugonu
   943 | D:1      | Gained mutation: You regenerate magic rapidly. [demonic
                  | ancestry]
   943 | D:1      | Reached XP level 3. HP: 27/29 MP: 5/5
  1373 | D:1      | Reached skill level 3 in Invocations
  1475 | D:1      | Identified a scroll of acquirement
  1475 | D:1      | Acquired the +8 arc blade {discharge, rElec}
  1475 | D:1      | Found the +8 arc blade {discharge, rElec}
  1829 | D:2      | Reached skill level 1 in Shields
  2163 | D:2      | Gained mutation: A meltable icy envelope protects you from
                  | harm. (AC +0) [demonic ancestry]
  2163 | D:2      | Reached XP level 4. HP: 34/35 MP: 6/6
  2427 | D:2      | Noticed Robin
  2443 | D:2      | Killed Robin
  2605 | D:2      | Discovered your monstrous ancestry.
  2605 | D:2      | Gained mutation: You have a small tail. [demonic ancestry]
  2605 | D:2      | Reached XP level 5. HP: 40/41 MP: 7/7
  2664 | D:3      | Reached **** piety under Lugonu
  2673 | D:3      | Noticed holysushi's ghost (amateur TrCK)
  2717 | D:3      | Found a runed translucent gate.
  2717 | D:3      | Found a runed translucent gate.
  2717 | D:3      | Found a runed translucent gate.
  2998 | D:3      | Found a radiant altar of Vehumet.
  3054 | D:3      | Reached XP level 6. HP: 43/48 MP: 8/8
  3056 | D:3      | Identified the +1 kite shield of Inevitability {*Corrode
                  | rPois rC+++ Dex-4 SInv}
  3099 | D:3      | Reached skill level 1 in Necromancy
  3099 | D:3      | Reached skill level 4 in Invocations
  3445 | D:3      | Found an ornate altar of the Wu Jian Council.
  3554 | D:3      | Killed holysushi's ghost
  3555 | D:3      | Reached skill level 1 in Spellcasting
  3715 | D:4      | Gained mutation: You have a pair of small horns on your
                  | head. [demonic ancestry]
  3715 | D:4      | Reached XP level 7. HP: 52/54 MP: 10/10
  3751 | D:4      | Identified the +2 robe "Koangi" {Int+3}
  4123 | D:5      | Entered Level 5 of the Dungeon
  4151 | D:5      | Reached skill level 5 in Invocations
  4525 | D:5      | Gained mutation: You have a tail ending in a sharp stinger.
                  | [demonic ancestry]
  4525 | D:5      | Reached XP level 8. HP: 58/61 MP: 10/12
  4927 | D:6      | Reached skill level 5 in Fighting
  5009 | D:6      | Reached skill level 6 in Invocations
  5025 | D:6      | Noticed Menkaure
  5036 | D:6      | Killed Menkaure
  5397 | D:6      | Noticed Prince Ribbit
  5410 | D:6      | Killed Prince Ribbit
  5411 | D:6      | Gained mutation: A meltable icy envelope protects you from
                  | harm. (AC +0) [demonic ancestry]
  5411 | D:6      | Reached XP level 9. HP: 61/68 MP: 13/13
  5479 | D:6      | Noticed Dowan
  5482 | D:6      | Noticed Duvessa
  5493 | D:6      | Killed Duvessa
  5499 | D:6      | Killed Dowan
  5641 | D:6      | Found a staircase to the Ecumenical Temple.
  5838 | D:7      | Noticed Pikel
  5856 | D:7      | Killed Pikel
  5973 | D:7      | Reached skill level 7 in Invocations
  5975 | D:7      | Reached ***** piety under Lugonu
  6051 | D:7      | You fall into a shaft and drop 2 floors!
  6102 | D:9      | Noticed a troll
  6134 | D:9      | Killed a troll
  6135 | D:9      | Reached skill level 5 in Short Blades
  6135 | D:9      | Reached skill level 5 in Armour
  6399 | D:9      | Identified the +2 leather armour of Akhlof {rN++ Will+
                  | rCorr Slay-3}
  6473 | D:9      | Noticed Gastronok
  6480 | D:9      | Killed Gastronok
  6481 | D:9      | Reached XP level 10. HP: 75/76 MP: 15/15
  6482 | D:9      | Reached skill level 5 in Dodging
  6482 | D:9      | Reached skill level 5 in Shields
  6497 | D:9      | Noticed a manticore
  6508 | D:9      | Slain by a manticore

Illustrated notes

Levels and vault maps discovered:
D:1:      dpeg_cavernosity, layout_basic, serial_shops, shop_statue
D:2:      layout_basic, uniq_robin
D:3:      wander_river, layout_loops_cross, mainiacjoe_overflow_swirl,
          gammafunk_ghost_split
D:4:      layout_rooms
D:5:      layout_loops_ring
D:6:      layout_rooms, minmay_temple_entry_waves, corexii_corridor_pit,
          uniq_menkaure, uniq_prince_ribbit1, uniq_duvessa
D:7:      layout_basic, mainiacjoe_overflow_24_doors, uniq_pikel
D:9:      layout_basic, minmay_misc_feat_iff, minmay_gold_behind_fungi,
          lightli_fourway_metalbox, uniq_gastronok

Skill      XL: |  1  2  3  4  5  6  7  8  9 10 |
---------------+-------------------------------+-----
Dodging        | 1 2 3 4 5 |  5.0
Short Blades   | 2 3 4 5 |  5.4
Armour         | 2 3 4 5 |  5.4
Invocations    | 3 4 5 6 7 |  7.9
Shields        | 1 2 3 4 5 |  5.0
Necromancy     | 1 2 4 |  4.3
Fighting       | 4 5 6 |  6.3
Spellcasting   | 1 2 3 |  3.6

Action                   |  1- 3 |  4- 6 |  7- 9 | 10-12 || total
-------------------------+-------+-------+-------+-------++-------
Melee: Short sword       |   102 |       |       |       ||   102
       Rapier            |    30 |    89 |   200 |    10 ||   329
       Tailslap          |       |     6 |    33 |     2 ||    41
       Headbutt          |       |       |    37 |     1 ||    38
  Use: Scroll            |     4 |     6 |     5 |       ||    15
       Potion            |       |       |       |     2 ||     2
 Stab: Sleeping          |     1 |       |       |       ||     1
Armor: Leather armour    |    36 |    10 |       |       ||    46
       Ring mail         |       |    13 |       |       ||    13
       Scale mail        |       |     5 |    34 |       ||    39
       Robe              |       |       |    28 |       ||    28
       Troll leather arm |       |       |     2 |     2 ||     4
Dodge: Dodged            |    61 |    32 |    56 |    12 ||   161
Block: Other             |    16 |     9 |       |       ||    25
       Kite shield       |       |    10 |   133 |    10 ||   153

Table legend: (Time is in decaauts)
 A = Elapsed time spent in this place.
 B = Non-inter-level travel time spent in this place.
 C = Inter-level travel time spent in this place.
 D = Time resting spent in this place.
 E = Time spent auto-exploring this place.
 F = Levels seen in this place.
 G = Mean time per level.
                   A        B        C        D        E       F      G
               +--------+--------+--------+--------+--------+-----+--------+
         Total |   6588 |   6470 |    118 |    561 |   4524 |   9 |  732.0 |
       Dungeon |   6571 |   6453 |    118 |    561 |   4517 |   8 |  821.4 |
         Abyss |     17 |     17 |      0 |      0 |      7 |   1 |   17.0 |
               +--------+--------+--------+--------+--------+-----+--------+

Top non-repeatable levels by time:
     D:1: 1474 daAuts
     D:2: 1173 daAuts
     D:3: 1058 daAuts
     D:6: 910 daAuts
     D:5: 791 daAuts
     D:9: 479 daAuts
     D:4: 433 daAuts
     D:7: 250 daAuts
 Abyss:1: 17 daAuts
